 Dungeon Crawl Stone Soup version 0.20.0-8-g6b59dc7 (webtiles) character file.

86 Rrauwl the Skirmisher (level 4, -3/43 HPs)
             Began as a Gargoyle Berserker on June 2, 2017.
             Was a Believer of Trog.
             Slain by Robin
             ... wielding a +0 trident
              (4 damage)
             ... on level 2 of the Dungeon.
             The game lasted 00:03:10 (1400 turns).

Rrauwl the Skirmisher (Gargoyle Berserker)          Turns: 1400, Time: 00:03:11

Health: -3/43      AC:  5    Str: 25    XL:     4   Next: 50%
Magic:  4/4        EV: 12    Int:  8    God:    Trog [**....]
Gold:   74         SH:  0    Dex: 10    Spells: 3/3 levels left

rFire    . . .     SeeInvis .   a - +0 mace
rCold    . . .     Gourm    .   (no shield)
rNeg     + . .     Faith    .   b - +0 animal skin
rPois    ∞         Spirit   .   (no helmet)
rElec    +         Reflect  .   (no cloak)
rCorr    .         Harm     .   (no gloves)
MR       .....                  (no boots)
Stlth    ..........             (no amulet)
Regen    0.2/turn               (no ring)
MPRegen  0.1/turn               (no ring)

@: berserking (expiring), very quick
A: negative energy resistance 1, electricity resistance, unbreathing,
petrification resistance, rot immunity, AC +3
a: Berserk, Trog's Hand, Burn Spellbooks, Renounce Religion


You were on level 2 of the Dungeon.
You worshipped Trog.
Trog was pleased with you.
You were hungry.

You visited 1 branch of the dungeon, and saw 2 of its levels.

You collected 74 gold pieces.

Inventory:

Hand Weapons
 a - a +0 mace (weapon)
Armour
 b - a +0 animal skin (worn)
Scrolls
 d - 4 scrolls of teleportation {unknown}
 e - a scroll of fog {unknown}
 g - a scroll of amnesia {unknown}
 h - a scroll of remove curse {unknown}
 i - 3 scrolls of identify {unknown}
 n - a scroll of enchant weapon {unknown}
Potions
 f - a potion of berserk rage {unknown}
 k - a potion of curing {unknown}
 m - a potion of mutation {unknown}
Comestibles
 c - 4 bread rations
 j - 5 chunks of flesh
 l - a royal jelly


   Skills:
 + Level 4.0 Fighting
 + Level 3.7 Maces & Flails
 + Level 3.0 Armour
 + Level 2.2 Dodging


You had 3 spell levels left.
You didn't know any spells.

Dungeon Overview and Level Annotations

Branches:
Dungeon (2/15)

Altars:

Annotations:
D:2 Robin, Terence


Innate Abilities, Weirdness & Mutations

You are resistant to torment.
Your stone body is resilient. (AC +3)
You are immune to poison.
You resist negative energy. (rN+)
You are resistant to electric shocks. (rElec)
You can survive without breathing.
You are immune to petrification.
You are immune to rotting.


Message History

Robin hits you from afar with a trident.
You sock the adder!
You kill the adder!
Trog accepts your kill.
You can now call upon Trog for regeneration and protection from hostile enchantments.
Your Armour skill increases to level 3!
The goblin hits you with a dagger. Terence hits you with a flail!
* * * LOW HITPOINT WARNING * * *
The gnoll closely misses you.
You sock Terence!
Terence is severely wounded.
Robin completely misses you. The goblin hits you but does no damage.
Terence hits you with a flail.
* * * LOW HITPOINT WARNING * * *
You hit Terence.
Terence is almost dead.
The gnoll hits you from afar with a spear.
* * * LOW HITPOINT WARNING * * *
Robin hits you from afar with a trident.
You die...

##'#......# #......####
#+##### #.(....# .......
#......# .......###......#
...........(....# ###. ###
............#+######...##..
........g†)g...............
.......$g@@)...............
.......(g).##..............
......)##### #######...###.
####... #.. #. #... #. #.
#..g # ## #... ###. #...
...... .!.. ......


You could see Terence, Robin, 2 gnolls and a goblin.

Vanquished Creatures
  2 gnolls
  2 adders (D:2)
  A dart slug (D:1)
  4 leopard geckos
  A giant cockroach (D:1)
  11 goblins
  5 hobgoblins
  5 bats
  2 frilled lizards
  6 kobolds
  2 rats (D:1)
41 creatures vanquished.

Notes
Turn   | Place    | Note
-------+----------+-------------------------------------------
     0 | D:1      | Rrauwl the Gargoyle Berserker began the quest for the Orb.
     0 | D:1      | Reached XP level 1. HP: 14/14 MP: 1/1
   432 | D:1      | Reached XP level 2. HP: 10/19 MP: 2/2
   778 | D:1      | Reached XP level 3. HP: 23/23 MP: 3/3
  1381 | D:2      | Reached XP level 4. HP: 25/29 MP: 4/4
  1382 | D:2      | Noticed Terence
  1383 | D:2      | Noticed Robin
  1395 | D:2      | Reached skill level 4 in Fighting
  1398 | D:2      | Reached ** piety under Trog
  1400 | D:2      | HP: 1/43 [gnoll/spear (6)]
  1400 | D:2      | Slain by Robin

Skill      XL: |  1  2  3  4 |
---------------+-------------+-----
Dodging        | 2 |  2.2
Fighting       | 4 |  4.0
Armour         | 3 |  3.0
Maces & Flails | |  3.7

Action                   |  1- 3 |  4- 6 || total
-------------------------+-------+-------++-------
Melee: Mace              |   110 |    15 ||   125
Invok: Berserk           |     1 |     1 ||     2
 Stab: Distracted        |     1 |       ||     1
  Eat: Chunk             |     3 |       ||     3
Armor: Animal skin       |    47 |     5 ||    52
Dodge: Dodged            |    83 |     9 ||    92
